 Dungeon Crawl Stone Soup version 0.22.1-1-ga44c0e56f4 (webtiles) character file.

611776 Nixze the Conqueror (level 26, 0/399 HPs)
             Began as a Minotaur Berserker on Oct 31, 2018.
             Was a High Priest of Trog.
             Slain by a moth of wrath (3 damage)
             ... on level 3 of the Realm of Zot.
             The game lasted 05:16:24 (66197 turns).

Nixze the Conqueror (Minotaur Berserker)           Turns: 66197, Time: 05:16:25

Health: 0/399      AC: 45    Str: 45    XL:     26   Next: 78%
Magic:  22/22      EV: 22    Int: -1    God:    Trog [*****.]
Gold:   3870       SH: 41    Dex: 18    Spells: 25/25 levels left

rFire    + + .     SeeInvis +   x - +7 demon whip of Ohafuj {elec, rF+ Str+4 Int-5}
rCold    + + +     Gourm    .   C - +8 large shield {AC+3}
rNeg     . . .     Faith    .   u - +5 plate armour "Ajit" {rF- Str+7 Int+2 Stlth-}
rPois    +         Spirit   .   q - +0 hat of Free Expression {rC+} (curse)
rElec    .         Reflect  +   a - +2 cloak {rPois}
rCorr    .         Harm     .   M - +3 pair of gauntlets of War {Slay+5}
MR       ++++.     NoCast   +   A - +0 pair of boots "Duqa" {-Cast +Blink rC++ SInv}
Stlth    ..........             D - amulet of Biluq {Reflect rF+ MR+ Dex+3 SH+3}
HPRegen  1.76/turn              e - +4 ring of protection
MPRegen  0.18/turn              B - ring of Tyfi Turph {rF+ rC+ SInv}

@: berserking, regenerating, slowed, lost intelligence, constricted
A: retaliatory headbutt, horns 2, dopey 1
}: 3/15 runes: barnacled, silver, gossamer
a: Berserk, Trog's Hand, Brothers in Arms, Renounce Religion, Evoke Blink


You were on level 3 of the Realm of Zot.
You worshipped Trog.
Trog was extremely pleased with you.
You were not hungry.

You visited 8 branches of the dungeon, and saw 44 of its levels.
You visited the Abyss 1 time.
You visited 1 bazaar.
You also visited: Labyrinth, Ice Cave, Volcano and Wizlab.

You collected 7824 gold pieces.
You spent 3954 gold pieces at shops.

Inventory:

Hand Weapons
 r - the +1 mace of Nixze's Woe {drain, *Corrode rPois Str+3}
   (You found it on level 5 of the Vaults)

   A truly terrible weapon, it drains the life of those it strikes.
   It affects your strength (+3).
   It protects you from poison.
   It may corrode you when you take damage.
 x - the +7 demon whip of Ohafuj (weapon) {elec, rF+ Str+4 Int-5}
   (You took it off a tengu conjurer on level 1 of the Depths)

   Occasionally, upon striking a foe, it will discharge some electrical energy
   and cause terrible harm.
   It affects your strength (+4).
   It affects your intelligence (-5).
   It protects you from fire.
Armour
 a - a +2 cloak of poison resistance (worn)
 b - a +2 cloak of magic resistance
 q - the cursed +0 hat of Free Expression (worn) {rC+}
   (You found it on level 5 of the Vaults)

   It protects you from cold.
   It has a curse placed upon it.
 u - the +5 plate armour "Ajit" (worn) {rF- Str+7 Int+2 Stlth-}
   (You found it on level 2 of the Depths)

   It affects your strength (+7).
   It affects your intelligence (+2).
   It makes you vulnerable to fire.
   It makes you less stealthy.
 A - the +0 pair of boots "Duqa" (worn) {-Cast +Blink rC++ SInv}
   (You found it on level 2 of the Vaults)

   It greatly protects you from cold.
   It lets you see invisible.
   It lets you blink.
   It prevents spellcasting.
 C - a +8 large shield of protection (worn)
 F - +0 gold dragon scales
 M - the +3 pair of gauntlets of War (worn) {Slay+5}
   (You bought it in a shop on level 1 of the Shoals)

   It affects your accuracy and damage with ranged weapons and melee attacks
   (+5).
Jewellery
 e - a +4 ring of protection (left hand)
 p - a +3 ring of strength {unknown}
 B - the ring of Tyfi Turph (right hand) {rF+ rC+ SInv}
   (You found it on level 5 of the Dungeon)

   [ring of protection from fire]

   It protects you from fire.
   It protects you from cold.
   It lets you see invisible.
 D - the amulet of Biluq (around neck) {Reflect rF+ MR+ Dex+3 SH+3}
   (You bought it in a shop on level 1 of the Depths)

   [amulet of reflection]

   It shields you and reflects attacks.
   It affects your dexterity (+3).
   It protects you from fire.
   It affects your resistance to hostile enchantments.
   It affects your SH (+3).
Wands
 h - a wand of polymorph (7)
 j - a wand of digging (35)
 l - a wand of acid (5)
 z - a wand of scattershot (6)
 E - a wand of random effects (19)
 I - a wand of flame (11)
Scrolls
 d - 42 scrolls of remove curse
 g - 14 scrolls of magic mapping
 i - 6 scrolls of enchant weapon
 k - 7 scrolls of fear
 o - 4 scrolls of summoning
 t - 2 scrolls of enchant armour
 y - 17 scrolls of teleportation
 G - a scroll of silence
 O - 2 scrolls of identify
 R - 4 scrolls of fog
 U - 3 scrolls of blinking
Potions
 f - 4 potions of brilliance
 m - 9 potions of flight
 n - 2 potions of might
 s - a potion of heal wounds
 v - 5 potions of agility
 w - a potion of ambrosia
 H - 3 potions of invisibility
 J - 2 potions of magic
 S - 4 potions of haste
 T - 3 potions of curing
 W - 3 potions of resistance
Comestibles
 c - 39 rations


   Skills:
 O Level 27 Fighting
 - Level 20.0 Maces & Flails
   Level 5.8 Bows
 + Level 25.8 Armour
 + Level 20.3 Dodging
 - Level 25.0 Shields


You had 25 spell levels left.
You didn't know any spells.
Your spell library was empty.

Dungeon Overview and Level Annotations

Branches:
Dungeon (15/15)            Temple (0/1) D:4            Lair (6/6) D:8
 Shoals (4/4) Lair:3       Spider (4/4) Lair:2        Slime (0/5) Lair:5
    Orc (2/2) D:10            Elf (0/3) Orc:2        Vaults (5/5) D:13
  Crypt (0/3) Vaults:2     Depths (5/5) D:15            Zot (3/5) Depths:5

Altars:
Cheibriados
Fedhas
Gozag
Kikubaaqudgha
Makhleb
Okawaru
Ru
Trog
Uskayaw
Xom
Yredelemnul
Zin
Beogh
Jiyva

Shops:
D:5 *(   D:15 *   Orc:2 }*([   Shoals:1 [   Shoals:2 *   Vaults:2 :==*?
Depths:1 =}=   Depths:5 !:[

Portals:
Hell: Depths:1 Depths:2 Depths:3 Depths:4 Depths:5
Abyss: Depths:4 Depths:5
Pandemonium: Depths:3 Depths:5
Ziggurat: Depths:5
Trove: Vaults:3 (give 4 potions of resistance)

Annotations:
Lair:2 exclusion: oklob plant


Innate Abilities, Weirdness & Mutations

You reflexively headbutt those who attack you in melee.
You have a pair of horns on your head.
You are dopey. (Int -2)


Message History

The cacodemon is lightly wounded.
You block the golden dragon's attack. x2; The golden dragon tramples you.
* * * LOW HITPOINT WARNING * * *
You hold your ground!
You block the tentacled monstrosity's attack. x2
The tentacled monstrosity tentacle-slaps you but does no damage.
You block the cacodemon's attack.
The cacodemon hits you but does no damage.
You block the tentacled monstrosity's attack.
The tentacled monstrosity tentacle-slaps you.
* * * LOW HITPOINT WARNING * * *
The tentacled monstrosity tentacle-slaps you but does no damage.
* * * LOW HITPOINT WARNING * * *
The tentacled monstrosity constricts you!
You whack the tentacled monstrosity!
Your headbutt misses the tentacled monstrosity.
The tentacled monstrosity is moderately wounded.
You block the purple draconian's attack.
You block the moth of wrath's attack. The moth of wrath bites you.
You die...

.....######.#.........#
###.## ##.........##
#.# #######.##.####
###'## #######...#####
.....# #.#####..####.#
.....# #.#.###...###.#
.....# #..#f#zfff##..#
.....# #...ff2yd.....#
.....# #..#yX@Dy.f...#
.....####
#..##dyX2..#..#
.....'..#
#...dz2dyf#...#
.....####
#.#####....##.# ######
######.>..#####
######...#.####
#####.#####.###
###############


You could see 2 tentacled monstrosities, a golden dragon (berserk), 2
draconians, a purple draconian (berserk), a white draconian (berserk), 2 curse
toes, 3 cacodemons, 2 deathcaps, 5 moths of wrath and 6 wandering mushrooms.

Vanquished Creatures
  An orb of fire (Zot:1)
  4 ancient liches
  3 juggernauts
  A curse toe (Zot:3)
  2 caustic shrikes (Depths:3)
  A Killer Klown (Zot:3)
  Nikola (Shoals:2)
  7 golden dragons
  3 bone dragons
  8 liches
  17 tentacled monstrosities
  5 quicksilver dragons
  6 titans
  18 sphinxes
  4 death cobs
  Kirke (D:15)
  16 shadow dragons
  An ancient champion (WizLab)
  12 tengu reavers
  13 storm dragons
  2 krakens
  2 azure jellies (Vaults:4)
  17 fire giants
  4 draconian monks
  2 iron dragons
  3 draconian knights
  19 frost giants
  6 deep elf sorcerers
  4 ghost moths
  14 vault wardens
  5 draconian scorchers
  5 emperor scorpions
  5 draconian shifters
  A reaper (IceCv)
  A deep elf elementalist (Vaults:5)
  2 draconian annihilators (Zot:1)
  6 draconian stormcallers (Zot:1)
  14 ironheart preservers
  3 entropy weavers
  24 very ugly things
  7 vampire knights
  2 spriggan defenders (Depths:3)
  7 green draconians
  19 stone giants
  4 black draconians (Zot:1)
  5 deep elf demonologists
  6 yellow draconians
  A dire elephant (Lair:4)
  12 red draconians
  5 purple draconians
  6 spark wasps
  The ghost of VeryBadPlayer the Fighter, a journeyman MiFi of the Shining One (D:13)
  2 deep elf annihilators
  Azrael (Orc:1)
  An eidolon (Vaults:4)
  A blizzard demon (Depths:5)
  6 white draconians
  4 deep elf death magi
  2 crystal guardians
  2 merfolk impalers
  10 ettins
  13 fire dragons
  Josephine (Orc:2)
  15 great orbs of eyes
  8 rakshasas
  4 deep elf high priests
  19 yaktaur captains
  32 vault guards
  9 hydras
  8 spriggan air magi
  Harold (Lair:1)
  21 two-headed ogres
  A death knight (D:15)
  14 ice dragons
  18 centaur warriors
  2 alligator snapping turtles
  2 catoblepae (Shoals:3)
  7 merfolk aquamancers
  4 merfolk avatars
  A hell hog (Depths:4)
  A dancing weapon (Vaults:5)
  2 satyrs
  11 tengu warriors
  10 ogre magi
  2 vampire magi
  12 deep troll shamans
  11 deep troll earth magi
  Urug (D:13)
  4 spriggan berserkers
  3 thrashing horrors (Abyss:3)
  Nergalle (Lair:4)
  3 hell knights
  9 deep elf knights
  Sonja (D:12)
  A fire crab (shapeshifter) (Depths:3)
  An orc high priest (Orc:2)
  A fire crab (Vaults:4)
  A soul eater (Depths:1)
  2 wretched stars (Abyss:3)
  3 iron trolls
  A sixfirhy (Depths:5)
  4 shadow wraiths
  A salamander mystic (Depths:5)
  8 skeletal warriors
  A spark wasp zombie (Depths:2)
  8 sea snakes
  3 glowing orange brains
  28 deep trolls
  A torturous demonspawn (Depths:5)
  3 unseen horrors
  7 wizards
  2 lindwurms
  4 flayed ghosts
  7 phantasmal warriors
  5 deep elf archers
  Pikel (D:4)
  15 ironbrand convokers
  25 orc knights
  A golden dragon skeleton (Depths:4)
  20 deep elf magi
  10 harpies
  5 necromancers
  29 wolf spiders
  A wolf spider zombie (D:13)
  15 orb spiders
  6 cyclopes
  16 fauns
  A fire giant zombie (Depths:4)
  3 orc sorcerers
  2 worldbinders (Vaults:4)
  A frost giant skeleton (Vaults:3)
  64 ugly things
  22 moths of wrath
  17 manticores
  7 black mambas
  9 merfolk sirens
  19 vault sentinels
  2 elephants (Lair:2)
  Maurice (D:10)
  7 salamanders
  An orange demon (Depths:5)
  3 molten gargoyles
  A fire giant skeleton (Depths:4)
  A spiny frog (shapeshifter) (Depths:3)
  A smoke demon (Abyss:3)
  6 water nymphs
  2 gargoyles
  4 ice statues
  26 spiny frogs
  6 komodo dragons
  A komodo dragon (shapeshifter) (Depths:2)
  7 rime drakes
  24 yaktaurs
  7 freezing wraiths
  A minotaur skeleton (Lab)
  17 demonic crawlers
  A hellwing (Depths:1)
  4 ice devils (IceCv)
  2 red devils
  A yaktaur skeleton (Vaults:3)
  A jumping spider (shapeshifter) (D:14)
  A polar bear (shapeshifter) (Depths:5)
  30 merfolk
  A meliai (shapeshifter) (Vaults:4)
  25 jumping spiders
  11 trolls
  5 tyrant leeches (Lair:6)
  A tengu simulacrum (Vaults:3)
  5 polar bears (Lair:5)
  A queen bee (shapeshifter) (Zot:2)
  3 tengu conjurers
  2 queen bees
  14 hornets
  3 meliai (D:12)
  A wind drake (shapeshifter) (Depths:3)
  6 wind drakes
  3 raiju (Abyss:3)
  A snapping turtle (shapeshifter) (Depths:3)
  4 small abominations (Abyss:3)
  27 blink frogs
  Prince Ribbit (D:8)
  9 dream sheep
  17 slime creatures
  9 snapping turtles
  7 hippogriffs
  76 redbacks
  A shadow (D:11)
  11 wraiths
  2 ynoxinuls (Abyss:3)
  17 starcursed masses (Abyss:3)
  16 water elementals
  Eustachio (D:4)
  4 vampires
  30 tarantellas
  A spriggan simulacrum (Depths:4)
  49 yaks
  7 fire elementals
  2 basilisks
  2 hogs (D:15)
  2 humans (shapeshifter)
  2 fire bats (Depths:5)
  2 golden eyes (Vaults:4)
  Grum (D:11)
  6 hungry ghosts
  18 vampire mosquitoes
  An elf simulacrum (Depths:2)
  Edmund (D:6)
  2 human zombies
  Menkaure (D:5)
  An insubstantial wisp (Lair:1)
  3 wargs
  2 two-headed ogre zombies (WizLab)
  10 water moccasins
  2 harpy simulacra (Vaults:4)
  13 hell hounds
  A soldier ant (shapeshifter) (Vaults:2)
  4 floating eyes
  A hydra simulacrum (Vaults:4)
  6 porcupines
  An acid dragon (Vaults:1)
  74 orc warriors
  An ice beast (D:11)
  6 phantoms
  A swamp drake (Lair:1)
  2 sky beasts
  A black bear (D:8)
  15 centaurs
  19 wolves
  10 boggarts
  17 ogres
  12 crocodiles
  A big kobold (D:10)
  Blork the orc (D:5)
  18 bullfrogs
  A wyvern skeleton (D:12)
  4 scorpions
  39 killer bees
  A troll skeleton (Lab)
  6 troll zombies (WizLab)
  21 wights
  2 human simulacra
  2 elephant simulacra (Vaults:4)
  A spectral wolf (Depths:5)
  4 electric eels
  4 centaur zombies
  A howler monkey (D:13)
  6 lava snakes
  7 crimson imps
  7 hounds
  2 quasits
  6 jellies
  25 orc wizards
  A bullfrog zombie (D:6)
  A gnoll shaman (Orc:1)
  Crazy Yiuf (D:2)
  7 centaur skeletons
  An iron imp (Depths:5)
  26 orc priests
  3 iguanas
  Natasha (thrice) (D:2)
  A troll simulacrum (Vaults:4)
  9 worker ants
  6 ogre zombies (WizLab)
  A hound zombie (D:6)
  A hound skeleton (D:7)
  A worker ant zombie (D:5)
  10 gnolls
  13 adders
  2 naga simulacra (Vaults:4)
  4 shadow imps
  6 white imps (IceCv)
  7 ufetubi (IceCv)
  4 worms
  A worm (shapeshifter) (Depths:1)
  3 dart slugs
  10 leopard geckos
  124 orcs
  11 bats
  12 giant cockroaches
  11 goblins
  9 hobgoblins
  9 jackals
  15 kobolds
  4 quokkas
  2 ball pythons
  2 frilled lizards
  A leopard gecko zombie (D:8)
  3 quokka skeletons
  10 rats
  6 tentacles
2270 creatures vanquished.

Vanquished Creatures (collateral kills)
  Sojobo (Depths:3)
  Saint Roka (Orc:2)
  An emperor scorpion (Spider:4)
  A ghost moth (Spider:4)
  A purple draconian (Zot:1)
  A black draconian (Zot:1)
  A white draconian (Zot:1)
  A yellow draconian (Zot:1)
  A minotaur (Lab)
  2 merfolk javelineers (Shoals:4)
  A vault guard (D:13)
  A merfolk aquamancer (Shoals:4)
  4 harpies (Shoals:4)
  An orb spider (Spider:3)
  A wolf spider (Spider:3)
  A demonic crawler (Spider:3)
  2 jumping spiders (Spider:3)
  2 merfolk (Shoals:4)
  2 hornets (Spider:4)
  2 redbacks (Spider:3)
  A tarantella (Spider:3)
  An orc wizard (D:13)
  2 orcs (Orc:2)
32 creatures vanquished.

Vanquished Creatures (others)
  A draconian knight (Zot:1)
  A stone giant (Vaults:5)
  Nessos (D:13)
  3 yaktaur captains
  A centaur warrior (Vaults:3)
  A deep elf archer (Vaults:3)
  2 fauns (Shoals:2)
  8 yaktaurs
  A tarantella (Spider:4)
  A human (D:15)
  A swamp drake (Lair:1)
  3 slaves (D:4)
  A centaur (Depths:2)
  An orc priest (Orc:2)
  Robin (D:4)
  9 ufetubi (IceCv)
  A worm (D:4)
  A leopard gecko (D:4)
  A giant cockroach (D:4)
  2 hobgoblins (D:4)
  6 goblins (D:4)
  15 fungi
  67 plants
  7 tentacles
  3 toadstools (Lair:4)
139 creatures vanquished.

Grand Total: 2441 creatures vanquished

Notes
Turn   | Place    | Note
-------+----------+-------------------------------------------
     0 | D:1      | Nixze the Minotaur Berserker began the quest for the Orb.
     0 | D:1      | Reached XP level 1. HP: 19/19 MP: 0/0
   106 | D:1      | Reached XP level 2. HP: 26/26 MP: 1/1
   326 | D:1      | Reached skill level 5 in Maces & Flails
   337 | D:1      | Reached XP level 3. HP: 31/31 MP: 2/2
   347 | D:1      | Reached ** piety under Trog
   533 | D:2      | Reached XP level 4. HP: 28/39 MP: 3/3
   704 | D:2      | Reached XP level 5. HP: 45/45 MP: 4/4
   927 | D:2      | Noticed Natasha
   948 | D:2      | Killed Natasha
  1080 | D:2      | Found an iron altar of Okawaru.
  1116 | D:2      | Reached XP level 6. HP: 50/51 MP: 5/5
  1174 | D:2      | Found a runed door.
  1304 | D:2      | Noticed Natasha
  1315 | D:2      | Killed Natasha
  1444 | D:2      | Noticed Natasha
  1452 | D:2      | Killed Natasha
  1517 | D:2      | Noticed Crazy Yiuf
  1520 | D:2      | Killed Crazy Yiuf
  1617 | D:3      | Reached *** piety under Trog
  2371 | D:4      | Noticed a slave
  2371 | D:4      | Noticed a slave
  2371 | D:4      | Noticed a slave
  2373 | D:4      | Noticed Pikel
  2375 | D:4      | Noticed a slave
  2388 | D:4      | Killed Pikel
  2388 | D:4      | Reached XP level 7. HP: 57/57 MP: 6/6
  2725 | D:4      | Reached XP level 8. HP: 53/64 MP: 7/7
  2731 | D:4      | Killed Robin
  2870 | D:4      | Noticed Eustachio
  2878 | D:4      | Killed Eustachio
  2955 | D:4      | Reached **** piety under Trog
  3317 | D:4      | Found a staircase to the Ecumenical Temple.
  3516 | D:5      | Entered Level 5 of the Dungeon
  3831 | D:5      | Noticed Blork the orc
  3842 | D:5      | Killed Blork the orc
  3847 | D:5      | Noticed Menkaure
  3850 | D:5      | Got a slimy copper ring
  3879 | D:5      | Killed Menkaure
  4087 | D:5      | Identified the ring of Tyfi Turph {rF+ rC+ SInv} (You found
                  | it on level 5 of the Dungeon)
  4192 | D:5      | Found Xistro De Add's Assorted Antiques.
  4230 | D:5      | Reached XP level 9. HP: 70/70 MP: 8/8
  4356 | D:5      | Found an opulent altar of Gozag.
  4403 | D:5      | Found Imuitra's Weapon Shoppe.
  4719 | D:6      | Found Uprur's Magic Scroll Emporium.
  4745 | D:6      | Noticed Edmund
  4755 | D:6      | Killed Edmund
  4806 | D:6      | Reached skill level 4 in Fighting
  5276 | D:7      | Reached skill level 5 in Fighting
  5986 | D:8      | Noticed Prince Ribbit
  5997 | D:8      | Killed Prince Ribbit
  6033 | D:8      | Found a blossoming altar of Fedhas.
  6034 | D:8      | Found a snail-covered altar of Cheibriados.
  6036 | D:8      | Found a glowing silver altar of Zin.
  6044 | D:8      | Reached skill level 5 in Armour
  6047 | D:8      | Found a shimmering altar of Xom.
  6047 | D:8      | Found a hide-covered altar of Uskayaw.
  6073 | D:8      | Found a staircase to the Lair.
  6094 | D:8      | Reached ***** piety under Trog
  6101 | D:8      | Noticed a queen bee
  6102 | D:8      | Reached skill level 6 in Fighting
  6123 | D:8      | Reached skill level 5 in Dodging
  6410 | D:8      | Killed a queen bee
  6410 | D:8      | Reached XP level 10. HP: 84/84 MP: 9/9
  6835 | D:8      | Found a burning altar of Makhleb.
  6835 | D:8      | Noticed an Executioner
  7775 | D:10     | Entered Level 10 of the Dungeon
  7781 | D:10     | Reached skill level 7 in Fighting
  7889 | D:10     | Noticed a two-headed ogre
  7897 | D:10     | Killed a two-headed ogre
  8277 | D:10     | Reached skill level 15 in Maces & Flails
  8308 | D:10     | Noticed a five-headed hydra
  8314 | D:10     | Killed a five-headed hydra
  8314 | D:10     | Reached skill level 8 in Fighting
  8385 | D:10     | Found a staircase to the Orcish Mines.
  8778 | D:11     | Noticed a four-headed hydra
  8790 | D:11     | Killed a four-headed hydra
  8790 | D:11     | Reached XP level 11. HP: 67/95 MP: 10/10
  8796 | D:11     | Noticed Maurice
  8907 | D:10     | Killed Maurice
  8966 | D:11     | Reached skill level 9 in Fighting
  9017 | D:11     | Received a gift from Trog
  9118 | D:11     | Noticed a two-headed ogre
  9119 | D:11     | Noticed Grum
  9153 | D:11     | Killed a two-headed ogre
  9191 | D:11     | Killed Grum
  9444 | D:11     | Reached skill level 10 in Fighting
  9802 | D:12     | Reached skill level 10 in Armour
  9855 | D:12     | Reached skill level 1 in Bows
  9951 | D:12     | Found a labyrinth entrance.
  9960 | Lab      | Entered a labyrinth
 10506 | Lab      | Noticed a minotaur
 10512 | Lab      | Killed a minotaur
 10516 | Lab      | Got a jewelled battleaxe {freeze}
 10562 | Lab      | Identified Efaxt's Incunabulum of Congealing Transformation
 10589 | D:12     | Identified the +5 battleaxe of Ezxagh {freeze, rN+ Str+7
                  | Int+2} (You took it off a minotaur in a labyrinth)
 10637 | D:12     | Reached skill level 1 in Shields
 10645 | D:12     | Reached skill level 11 in Fighting
 10761 | D:12     | Reached XP level 12. HP: 110/110 MP: 11/11
 10951 | D:12     | Noticed Sonja
 10961 | D:12     | Killed Sonja
 11255 | D:12     | Noticed a tengu warrior
 11255 | D:12     | Noticed a tengu warrior
 11264 | D:12     | Killed a tengu warrior
 11264 | D:12     | Reached skill level 5 in Bows
 11270 | D:12     | Killed a tengu warrior
 11424 | D:12     | Reached skill level 5 in Shields
 12080 | Lair:1   | Entered Level 1 of the Lair of Beasts
 12131 | Lair:1   | Received a gift from Trog
 12680 | Lair:1   | Reached skill level 12 in Fighting
 12999 | Lair:1   | Noticed Harold
 13006 | Lair:1   | Killed Harold
 13293 | Lair:2   | Noticed a seven-headed hydra
 13306 | Lair:2   | Killed a seven-headed hydra
 13728 | Lair:2   | Found a hole to the Spider Nest.
 14080 | Lair:2   | Reached XP level 13. HP: 106/119 MP: 12/12
 14510 | Lair:2   | Reached skill level 13 in Fighting
 15081 | Lair:3   | Found a dark tunnel.
 15106 | Volcano  | Entered a volcano
 15503 | Lair:3   | Received a gift from Trog
 16106 | Lair:3   | Found a staircase to the Shoals.
 16606 | Lair:4   | Noticed Nergalle
 17012 | Lair:4   | Got a translucent chain mail
 17023 | Lair:4   | Identified the +1 chain mail of the Maze {rElec rN+ Str+4}
                  | (You found it on level 4 of the Lair of Beasts)
 17269 | Lair:4   | Found a runed door.
 17617 | Lair:4   | Killed Nergalle
 17783 | Lair:4   | Noticed a dire elephant
 17794 | Lair:4   | Killed a dire elephant
 17983 | Lair:5   | Reached skill level 14 in Fighting
 18966 | Lair:5   | Reached XP level 14. HP: 100/133 MP: 13/13
 19712 | Lair:5   | Found a viscous altar of Jiyva.
 19726 | Lair:5   | Found a staircase to the Slime Pits.
 20001 | Lair:6   | Entered Level 6 of the Lair of Beasts
 20049 | Lair:6   | Received a gift from Trog
 20328 | Lair:6   | Reached skill level 15 in Fighting
 21203 | Lair:6   | Reached skill level 16 in Fighting
 22341 | Orc:1    | Entered Level 1 of the Orcish Mines
 22353 | Orc:1    | Found a frozen archway.
 22371 | IceCv    | Entered an ice cave
 22388 | IceCv    | Received a gift from Trog
 22549 | IceCv    | Received a gift from Trog
 22561 | IceCv    | Noticed a reaper
 22585 | IceCv    | Killed a reaper
 22736 | IceCv    | Reached skill level 17 in Fighting
 22736 | IceCv    | Reached XP level 15. HP: 149/149 MP: 14/14
 23006 | Orc:2    | Entered Level 2 of the Orcish Mines
 23050 | Orc:2    | Found a staircase to the Elven Halls.
 23060 | Orc:2    | Noticed Azrael
 23261 | Orc:1    | Killed Azrael
 23877 | Orc:2    | Reached skill level 18 in Fighting
 23896 | Orc:2    | Found a roughly hewn altar of Beogh.
 23907 | Orc:2    | Found Upryop's General Store.
 23919 | Orc:2    | Bought a scroll of identify for 30 gold pieces
 23919 | Orc:2    | Bought a scroll of fog for 30 gold pieces
 23919 | Orc:2    | Bought a scroll of fog for 30 gold pieces
 23919 | Orc:2    | Bought a potion of resistance for 150 gold pieces
 24127 | Orc:2    | Found a roughly hewn altar of Beogh.
 24164 | Orc:2    | Noticed Saint Roka
 24175 | Orc:2    | Found a roughly hewn altar of Beogh.
 24280 | Orc:2    | Found a roughly hewn altar of Beogh.
 24322 | Orc:1    | Reached ****** piety under Trog
 24491 | Orc:1    | Noticed Josephine
 24496 | Orc:2    | Killed Josephine
 24614 | Orc:1    | Received a gift from Trog
 25086 | Orc:2    | Reached XP level 16. HP: 157/157 MP: 5/15
 25124 | Orc:2    | Killed Saint Roka
 25351 | Orc:2    | Found Cuirojap's Antique Armour Shop.
 25353 | Orc:2    | Found a roughly hewn altar of Beogh.
 25354 | Orc:2    | Found Nufurhur's Antique Weapon Boutique.
 25367 | Orc:2    | Bought an embroidered scarf for 248 gold pieces
 25434 | Orc:2    | Found a roughly hewn altar of Beogh.
 25442 | Orc:2    | Found Qeniaf's Gadget Emporium.
 25528 | Orc:2    | Found a roughly hewn altar of Beogh.
 25707 | Spider:1 | Entered Level 1 of the Spider Nest
 26739 | Spider:1 | Received a gift from Trog
 30767 | Spider:3 | Reached skill level 10 in Shields
 31372 | Spider:3 | Received a gift from Trog
 31785 | Spider:3 | Reached skill level 19 in Fighting
 31923 | Spider:3 | Reached skill level 10 in Dodging
 32932 | Spider:4 | Entered Level 4 of the Spider Nest
 34257 | Spider:4 | Reached XP level 17. HP: 75/168 MP: 8/16
 35764 | Spider:4 | Got a gossamer rune of Zot
 36031 | Shoals:1 | Entered Level 1 of the Shoals
 36244 | Shoals:1 | Found Lougror's Armour Boutique.
 36259 | Shoals:1 | Bought the +2 pair of boots "Urecwih" {Regen+ Int+5} for
                  | 640 gold pieces
 36259 | Shoals:1 | Bought the +3 pair of gauntlets of War {Slay+5} for 950
                  | gold pieces
 36259 | Shoals:1 | Found the +3 pair of gauntlets of War {Slay+5}
 37072 | Shoals:1 | Reached skill level 20 in Fighting
 37338 | D:13     | Noticed Urug
 37345 | D:13     | Killed Urug
 37393 | D:13     | Received a gift from Trog
 37500 | D:13     | Noticed Nessos
 37512 | D:13     | Killed Nessos
 37601 | D:13     | Found a gate to the Vaults.
 37871 | D:13     | Found a large runed door.
 37871 | D:13     | Found a large runed door.
 37872 | D:13     | Noticed VeryBadPlayer's ghost (journeyman MiFi)
 37885 | D:13     | Killed VeryBadPlayer's ghost
 37995 | D:14     | Paralysed by a wizard for 6 turns
 38191 | D:14     | Received a gift from Trog
 38209 | D:14     | Received a gift from Trog
 38276 | D:14     | Found a bloodstained altar of Trog.
 38830 | D:15     | Entered Level 15 of the Dungeon
 38854 | D:15     | Noticed Kirke
 39237 | D:15     | Killed Kirke
 39241 | D:15     | Received a gift from Trog
 39327 | D:15     | Found a staircase to the Depths.
 39478 | D:15     | Reached XP level 18. HP: 177/180 MP: 17/17
 39486 | D:15     | Found Fiseyggi's Assorted Antiques.
 39500 | D:15     | Bought a potion of heal wounds for 150 gold pieces
 39500 | D:15     | Bought a scroll of identify for 60 gold pieces
 39500 | D:15     | Bought a potion of might for 120 gold pieces
 39500 | D:15     | Bought a potion of curing for 90 gold pieces
 39574 | D:15     | Received a gift from Trog
 39615 | D:15     | Found a sacrificial altar of Ru.
 40253 | Shoals:2 | Found Oqeitz's Assorted Antiques.
 40372 | Shoals:2 | Noticed Nikola
 40432 | Shoals:2 | Killed Nikola
 40720 | Shoals:2 | Reached skill level 15 in Shields
 40974 | Shoals:2 | Received a gift from Trog
 41333 | Shoals:3 | Reached skill level 15 in Armour
 42057 | Shoals:3 | Reached skill level 21 in Fighting
 42092 | Shoals:3 | Received a gift from Trog
 42584 | Shoals:4 | Entered Level 4 of the Shoals
 43082 | Shoals:4 | Got a barnacled rune of Zot
 43803 | Depths:1 | Entered Level 1 of the Depths
 44156 | Depths:1 | Got a faintly humming robe
 44183 | D:15     | Identified the +4 robe of Calculation {rC+ MR++} (You found
                  | it on level 1 of the Depths)
 44201 | Depths:1 | Reached XP level 19. HP: 189/189 MP: 18/18
 44401 | Depths:1 | Paralysed by a sphinx for 3 turns
 44425 | Depths:1 | Found a gateway to Hell.
 44460 | Depths:1 | Received a gift from Trog
 44481 | Depths:1 | Got a polished demon whip {elec}
 44594 | Depths:1 | Identified the +7 demon whip of Ohafuj {elec, rF+ Str+4
                  | Int-5} (You took it off a tengu conjurer on level 1 of the
                  | Depths)
 44736 | Depths:1 | Found Xasiuk's Jewellery Emporium.
 44736 | Depths:1 | Found Hecseteg's Gadget Boutique.
 44737 | Depths:1 | Found Urries's Jewellery Emporium.
 45446 | Depths:1 | Received a gift from Trog
 45663 | Depths:2 | Paralysed by a great orb of eyes for 2 turns
 46171 | Depths:1 | Bought the amulet of Biluq {Reflect rF+ MR+ Dex+3 SH+3} for
                  | 707 gold pieces
 46217 | Depths:1 | Reached skill level 22 in Fighting
 46243 | Depths:2 | Got an ancient plate armour
 46272 | Depths:1 | Identified the +5 plate armour "Ajit" {rF- Str+7 Int+2
                  | Stlth-} (You found it on level 2 of the Depths)
 46549 | Depths:2 | Found a runed door.
 46624 | Depths:2 | Got a bloodstained war axe
 46625 | Depths:2 | Identified the cursed +1 war axe of Gravity {venom, rElec
                  | rPois rF-} (You found it on level 2 of the Depths)
 46641 | Depths:2 | Identified 2 scrolls of acquirement
 46916 | Depths:3 | Reached XP level 20. HP: 200/200 MP: 19/19
 46924 | Depths:3 | Noticed a golden dragon
 46950 | Depths:2 | Killed a golden dragon
 47108 | Depths:3 | Paralysed by a floating eye for 2 turns
 47130 | Depths:3 | Paralysed by a floating eye for 2 turns
 47251 | Depths:3 | Found a runed door.
 47251 | Depths:3 | Found a runed door.
 47395 | Depths:3 | Received a gift from Trog
 47396 | Depths:3 | Got a fine longbow {god gift}
 47655 | Depths:3 | Got a distressingly furry leather armour
 47669 | Depths:3 | Identified the cursed +1 leather armour "Wawk" {rF+ MR++
                  | Int-2} (You found it on level 3 of the Depths)
 47688 | Depths:3 | Paralysed by a floating eye for 3 turns
 47698 | Depths:3 | Identified the Tome of Assistive Fire
 47701 | Depths:3 | Got an ancient dagger
 47703 | Depths:3 | Identified the +5 dagger of the Messenger {distort, rElec
                  | rPois MP+9} (You found it on level 3 of the Depths)
 47769 | Depths:3 | Got a glittering turquoise ring
 48046 | Depths:3 | Found a runed door.
 48300 | Depths:3 | Noticed Sojobo
 48315 | Depths:3 | Killed Sojobo
 48394 | Depths:3 | Received a gift from Trog
 48420 | Depths:3 | Reached skill level 23 in Fighting
 48638 | Depths:3 | Reached XP level 21. HP: 211/211 MP: 20/20
 48661 | Depths:3 | Found a runed door.
 48662 | Depths:3 | Found a runed door.
 48662 | Depths:3 | Found a runed door.
 48926 | Depths:3 | Noticed a juggernaut
 48926 | Depths:3 | Noticed a golden dragon
 48938 | Depths:3 | Killed a juggernaut
 48947 | Depths:3 | Killed a golden dragon
 49105 | Depths:3 | Found a one-way gate leading to the halls of Pandemonium.
 49115 | Depths:3 | Noticed a caustic shrike
 49125 | Depths:3 | Killed a caustic shrike
 49189 | Depths:3 | Identified the ring "Egoxo" {Str+3 Dex+4} (You found it on
                  | level 3 of the Depths)
 49474 | Depths:3 | Received a gift from Trog
 49532 | Depths:3 | Noticed a caustic shrike
 49533 | Depths:3 | Noticed a juggernaut
 49544 | Depths:3 | Killed a caustic shrike
 49553 | Depths:3 | Killed a juggernaut
 49903 | Depths:4 | Found a magical portal.
 49934 | WizLab   | Entered Zonguldrok's Shrine
 50114 | WizLab   | Received a gift from Trog
 50144 | WizLab   | Noticed an antique lich
 50151 | WizLab   | Killed an antique lich
 50153 | WizLab   | Found the +9 sword of Zonguldrok {reap}
 50187 | WizLab   | Identified the Tome of Toxic Transmigration
 50325 | Depths:4 | Received a gift from Trog
 50462 | Depths:4 | Reached XP level 22. HP: 208/222 MP: 21/21
 50587 | Depths:4 | Found a one-way gate to the infinite horrors of the Abyss.
 50782 | Depths:4 | You fall through a shaft!
 50782 | Depths:5 | Entered Level 5 of the Depths
 50803 | Depths:5 | Paralysed by a floating eye for 2 turns
 50826 | Depths:5 | Found Racwiuvi's Book Boutique.
 50863 | Depths:5 | Found a gate to the Realm of Zot.
 50865 | Depths:5 | Noticed a juggernaut
 50877 | Depths:5 | Killed a juggernaut
 50881 | Depths:5 | Received a gift from Trog
 50962 | Depths:5 | Found Pook's Antique Armour Boutique.
 50968 | Depths:5 | Got a smoking brass ring
 51002 | Depths:5 | Found a flickering gateway to a bazaar.
 51008 | Depths:5 | Reached skill level 24 in Fighting
 51015 | Bazaar   | Entered a bazaar
 51023 | Bazaar   | Found Ditwiwne's Gadget Shop.
 51047 | Bazaar   | Found Umacumea's Antique Armour Shop.
 51088 | Bazaar   | Bought a pair of faintly glowing gloves for 237 gold pieces
 51111 | Bazaar   | Identified the +2 pair of gloves of Defiance {-Cast MR+
                  | MP+9 Int+2} (You bought it in a shop in a bazaar)
 51479 | Depths:5 | Found Lurof's Distillery.
 51545 | Depths:5 | Bought a potion of heal wounds for 90 gold pieces
 51545 | Depths:5 | Bought a potion of haste for 180 gold pieces
 51545 | Depths:5 | Bought a potion of heal wounds for 90 gold pieces
 51545 | Depths:5 | Bought a potion of curing for 54 gold pieces
 51545 | Depths:5 | Bought a potion of curing for 54 gold pieces
 51559 | Depths:5 | Found a gateway to a ziggurat.
 52085 | Vaults:1 | Entered Level 1 of the Vaults
 52126 | Vaults:1 | Received a gift from Trog
 52774 | Vaults:1 | Identified the ring of the Distant Future {rPois rC+ Dex+5
                  | Stlth-} (You found it on level 5 of the Depths)
 52969 | Vaults:1 | Received a gift from Trog
 52999 | Vaults:1 | Reached XP level 23. HP: 209/231 MP: 22/22
 53307 | Vaults:2 | Found Wioj's Jewellery Shoppe.
 53318 | Vaults:2 | Found Wodoitu's Assorted Antiques.
 53563 | Vaults:2 | Found Paine's Jewellery Shop.
 53633 | Vaults:2 | Received a gift from Trog
 53654 | Vaults:2 | Found Venogawn's Book Shoppe.
 53823 | Vaults:2 | Got an ancient plate armour
 53828 | Vaults:2 | Identified the cursed +1 plate armour "Uneschao" {*Drain
                  | +Inv rC++} (You found it on level 2 of the Vaults)
 53994 | Vaults:2 | Found a staircase to the Crypt.
 53994 | Vaults:2 | Found a basalt altar of Yredelemnul.
 53995 | Vaults:2 | Found an ancient bone altar of Kikubaaqudgha.
 54104 | Vaults:2 | Found Dupeacke's Magic Scroll Emporium.
 54124 | Vaults:2 | Bought a scroll of identify for 44 gold pieces
 54126 | Vaults:2 | Got a pair of pitted boots
 54127 | Vaults:2 | Identified the +0 pair of boots "Duqa" {-Cast +Blink rC++
                  | SInv} (You found it on level 2 of the Vaults)
 54631 | Vaults:3 | Received a gift from Trog
 54911 | Vaults:3 | Found a portal to a secret trove of treasure.
 55786 | Vaults:4 | Identified the Collected Works on the Snowflakes
 55794 | Vaults:4 | Received a gift from Trog
 55880 | Vaults:4 | Identified the Reference Book on the Entourage
 56041 | Vaults:4 | Identified the Papyrus of Ignition
 56267 | Vaults:4 | Reached skill level 25 in Fighting
 56351 | Vaults:4 | Received a gift from Trog
 56891 | Vaults:4 | Reached XP level 24. HP: 242/242 MP: 22/22
 56912 | Vaults:4 | Identified Kaneg's Almanac of Bewitchment
 57117 | Vaults:5 | Entered Level 5 of the Vaults
 57240 | Vaults:5 | Noticed an ancient lich
 57257 | Vaults:5 | Received a gift from Trog
 57265 | Vaults:5 | HP: 10/243 [deep elf mage/bolt of lightning (30)]
 57744 | Vaults:5 | HP: 9/243 [lorocyproca[a lich] (10)]
 57879 | Vaults:5 | Reached skill level 15 in Dodging
 58064 | Vaults:5 | Got a brightly glowing mace
 58489 | Vaults:5 | Received a gift from Trog
 58620 | Vaults:5 | Reached skill level 26 in Fighting
 58639 | Vaults:5 | Identified the +1 mace of Nixze's Woe {drain, *Corrode
                  | rPois Str+3} (You found it on level 5 of the Vaults)
 59197 | Vaults:5 | Got a spiked hat
 59198 | Vaults:5 | Identified the cursed +0 hat of Free Expression {rC+} (You
                  | found it on level 5 of the Vaults)
 59553 | Vaults:5 | Received a gift from Trog
 59553 | Vaults:5 | Reached XP level 25. HP: 243/253 MP: 22/22
 59751 | Vaults:5 | Killed an ancient lich
 59955 | Vaults:5 | Got a pair of steaming gloves
 59956 | Vaults:5 | Identified the +1 pair of gloves of the Morning Star {rF+
                  | Int+2} (You found it on level 5 of the Vaults)
 60085 | Vaults:5 | Got a silver rune of Zot
 60532 | Vaults:5 | Found the +7 Spriggan's Knife {MR+ EV+4 Dex+4 Stlth+}
 60547 | Vaults:5 | Got transparent steam dragon scales
 60549 | Vaults:5 | Identified the cursed +1 steam dragon scales of Kleptomania
                  | {rPois Int+4 Dex+4} (You took it off an ironheart preserver
                  | on level 5 of the Vaults)
 60925 | Zot:1    | Entered Level 1 of the Realm of Zot
 61353 | Zot:1    | Received a gift from Trog
 61650 | Zot:1    | Got a slimy cloak
 61661 | Zot:1    | Identified the +0 cloak of Xoleitwo {rElec} (You acquired
                  | it on level 1 of the Realm of Zot)
 61755 | Zot:1    | Reached skill level 27 in Fighting
 63350 | Zot:2    | Noticed an ancient lich
 63350 | Zot:2    | Noticed an ancient lich
 63604 | Zot:2    | Noticed an orb of fire
 63898 | Zot:1    | Lost intelligence.
 63898 | Zot:1    | Gained mutation: You are dopey. (Int -2) [an orb of fire]
 63905 | Zot:1    | Killed an orb of fire
 63905 | Zot:1    | Reached XP level 26. HP: 266/266 MP: 22/22
 63908 | Zot:1    | Killed an ancient lich
 63908 | Zot:1    | Received a gift from Trog
 64155 | Zot:2    | Cast into level 3 of the Abyss (a lich)
 64206 | Abyss:3  | Paralysed by accursed screaming for 1 turns
 64422 | Zot:2    | Escaped the Abyss
 64648 | Zot:2    | Killed an ancient lich
 64851 | Zot:2    | Received a gift from Trog
 66157 | Zot:3    | Found a transporter.
 66195 | Zot:3    | HP: 17/399 [deathcap/drain life[a curse toe] (10)]
 66196 | Zot:3    | HP: 2/399 [tentacled monstrosity (8)]
 66197 | Zot:3    | Slain by a moth of wrath

Skill      XL: |  1  2  3  4  5  6  7  8  9 10 11 12 13 14 15 16 17 18 19 20 21 22 23 24 25 26 |
---------------+-------------------------------------------------------------------------------+-----
Maces & Flails | 4 5 6 7 8 11 13 14 15 16 17 19 20 | 20.0
Fighting       | 6 8 11 12 14 17 18 19 20 21 22 23 24 25 26 27 | 27.0
Armour         | 5 8 10 12 14 15 17 18 19 20 21 22 24 25 | 25.8
Dodging        | 5 6 7 10 12 14 16 18 20 | 20.3
Bows           | 4 5 |  5.8
Shields        | 2 6 7 11 14 16 19 21 22 24 25 | 25.0

Action                   |  1- 3 |  4- 6 |  7- 9 | 10-12 | 13-15 | 16-18 | 19-21 | 22-24 | 25-27 || total
-------------------------+-------+-------+-------+-------+-------+-------+-------+-------+-------++-------
Melee: Mace              |    53 |   161 |     3 |       |       |       |       |       |       ||   217
       Headbutt          |     8 |    28 |    46 |   131 |   185 |   362 |   420 |   644 |   332 ||  2156
       Whip              |       |       |   163 |       |       |       |       |       |       ||   163
       Flail             |       |       |   112 |   246 |       |       |       |       |       ||   358
       Morningstar       |       |       |       |   386 |   440 |       |       |       |       ||   826
       Great mace        |       |       |       |       |   466 |   675 |       |       |       ||  1141
       Eveningstar       |       |       |       |       |       |   773 |    62 |       |       ||   835
       Unarmed           |       |       |       |       |       |     3 |       |       |       ||     3
       Demon whip        |       |       |       |       |       |       |  1040 |  1641 |   858 ||  3539
Throw: Tomahawk          |     4 |     4 |       |       |    14 |    81 |     7 |       |       ||   110
       Javelin           |       |       |       |       |       |       |       |     6 |       ||     6
Invok: Berserk           |       |     4 |     5 |     7 |     4 |     4 |     2 |     2 |     5 ||    33
       Trog's Hand       |       |       |     1 |     2 |     3 |     8 |     2 |     8 |    19 ||    43
       Brothers in Arms  |       |       |       |     3 |     3 |    10 |     2 |     2 |     4 ||    24
Evoke: Wand              |       |       |       |       |       |       |       |       |     4 ||     4
  Use: Scroll            |       |     4 |     6 |    14 |    12 |    10 |    12 |    24 |    20 ||   102
       Potion            |       |       |     2 |     1 |     4 |    21 |       |    14 |     1 ||    43
 Stab: Sleeping          |     1 |       |       |       |       |       |       |       |       ||     1
       Distracted        |       |       |       |       |       |     1 |       |     1 |       ||     2
       Confused          |       |       |       |       |       |       |       |       |     4 ||     4
  Eat: Chunk             |       |     8 |    12 |    14 |    28 |    30 |    14 |    16 |     8 ||   130
       Ration            |       |       |     2 |     7 |     4 |    13 |     3 |     6 |     9 ||    44
Armor: Animal skin       |    19 |       |       |       |       |       |       |       |       ||    19
       Ring mail         |       |    49 |    33 |       |       |       |       |       |       ||    82
       Plate armour      |       |       |    70 |   334 |    89 |       |   106 |   313 |   265 ||  1177
       Chain mail        |       |       |       |       |   241 |   656 |    79 |       |       ||   976
Dodge: Dodged            |    57 |    77 |   138 |   332 |   493 |   830 |   179 |   336 |   398 ||  2840
Block: Buckler           |       |       |       |    69 |    95 |    27 |       |       |       ||   191
       Reflection        |       |       |       |     1 |     1 |     6 |    34 |   148 |    17 ||   207
       Large shield      |       |       |       |       |       |   894 |   816 |  1691 |  1103 ||  4504
